 Dungeon Crawl Stone Soup version 0.19.5 (webtiles) character file.

2382 vatarom the Arsonist (level 9, -4/45 HPs)
             Began as a Deep Elf Fire Elementalist on Mar 13, 2017.
             Was an Initiate of Vehumet.
             Shot with a sling bullet by Joseph (14 damage)
             ... on level 7 of the Dungeon.
             The game lasted 00:18:52 (7584 turns).

vatarom the Arsonist (Deep Elf Fire Elementalist)   Turns: 7584, Time: 00:18:52

Health: -4/45      AC:  6    Str:  8    XL:     9   Next: 22%
Magic:  13/20      EV: 13    Int: 21    God:    Vehumet [......]
Gold:   326        SH:  0    Dex: 15    Spells: 6 memorised, 2 levels left

rFire  . . .     SeeInvis .     d - +1 dagger
rCold  . . .     Gourm    .     a - +1 robe
rNeg   + . .     Faith    .     (no shield)
rPois  +         Spirit   .     (no helmet)
rElec  .         Reflect  .     (no cloak)
rCorr  +         Harm     +     (no gloves)
MR     +....                    s - +0 pair of boots
Stlth  ++........               m - amulet of harm
                                w - ring of positive energy
                                q - ring of resist corrosion

@: about to teleport
A: iridescent scales 1, magic resistance 1, poison resistance
a: Renounce Religion


You were on level 7 of the Dungeon.
You worshipped Vehumet.
Vehumet was noncommittal.
You were not hungry.

You visited 2 branches of the dungeon, and saw 8 of its levels.

You collected 326 gold pieces.

Inventory:

Hand Weapons
 d - a +1 dagger (weapon)
Armour
 a - a +1 robe (worn)
 s - a +0 pair of boots (worn)
Jewellery
 i - an uncursed amulet of regeneration
 m - an amulet of harm (around neck)
 q - a ring of resist corrosion (left hand)
 w - a ring of positive energy (right hand)
Wands
 o - a wand of heal wounds (3/9)
 v - a wand of iceblast (8/15)
Scrolls
 k - 4 scrolls of identify
 l - a scroll of remove curse
 u - a scroll of enchant armour
Potions
 e - 2 potions of heal wounds
 j - 2 potions of flight
 p - 2 potions of brilliance
 r - 2 potions of agility
Books
 b - a book of Flames

   Spells                             Type                      Level
   a - Flame Tongue                   Conjuration/Fire             1
   b - Throw Flame                    Conjuration/Fire             2
   c - Conjure Flame                  Conjuration/Fire             3
   d - Inner Flame                    Hexes/Fire                   3
   e - Sticky Flame                   Conjuration/Fire             4
   f - Fireball                       Conjuration/Fire             5
Comestibles
 f - 2 fruits
 g - a beef jerky
 h - a meat ration
 t - a royal jelly


   Skills:
 - Level 2.4 Dodging
 - Level 2.4 Stealth
 - Level 6.0 Spellcasting
 + Level 6.1 Conjurations
 * Level 11.5 Fire Magic


You had 2 spell levels left.
You knew the following spells:

 Your Spells              Type           Power        Failure   Level  Hunger
a - Flame Tongue          Conj/Fire      #####        1%          1    None
b - Throw Flame           Conj/Fire      #####.       1%          2    None
c - Conjure Flame         Conj/Fire      #####...     1%          3    ##.....
d - Inner Flame           Hex/Fire       ####....     2%          3    ##.....
e - Sticky Flame          Conj/Fire      #####...     2%          4    ####...
f - Fireball              Conj/Fire      #####.....   10%         5    #####..


Dungeon Overview and Level Annotations

Branches:
Dungeon (7/15)             Temple (1/1) D:4

Altars:
Ashenzari
Cheibriados
Dithmenos
Elyvilon
Fedhas
Gozag
Hepliaklqana
Makhleb
Nemelex Xobeh
Okawaru
Qazlal
Ru
Trog
Uskayaw
Vehumet
Xom
Yredelemnul
Zin
The Shining One

Shops:
D:2 *

Annotations:
D:7 Joseph


Innate Abilities, Weirdness & Mutations

You are partially covered in iridescent scales. (AC +2)
You are resistant to hostile enchantments. (MR+)
Your system is resistant to poisons. (rPois)


Message History

Your Conjurations skill increases to level 6!
The fireball engulfs you!
Ouch! That really hurt!
* * * LOW HITPOINT WARNING * * *
You hear a shout!
You start resting.
Joseph, a Mercenary comes into view.
He is wielding a quarterstaff.
Joseph is nearby!
Joseph unwields an uncursed quarterstaff.
Joseph wields a hunting sling.
Joseph shoots a sling bullet.
The sling bullet completely misses you.
You see here a sling bullet.
You start resting.
As you read the scroll of teleportation, it crumbles to dust.
You feel strangely unstable.
Joseph shoots a sling bullet.
The sling bullet hits you!
* * * LOW HITPOINT WARNING * * *
Joseph shoots a sling bullet.
The sling bullet barely misses you.
Joseph shoots a sling bullet.
The sling bullet hits you!
You die...

@## ... #.# #)# #.# #(#
#@#### #(((.#####
####.@...## #####..#
##.### #.. #...# ...#
######## ###.# .#....
#.....†# ###.####....
#......########......#...
#......<.......<..##.#.#
#...>...#######........#


You could see Joseph.

Vanquished Creatures
  The ghost of equalderp2856 the Gouger, a novice FeFi (D:7)
  Sigmund (D:2)
  The ghost of vatarom the Gusty, an amateur TeAE (D:4)
  Eustachio (D:4)
  Menkaure (D:6)
  An ice beast (D:7)
  A sky beast (D:5)
  A phantom (D:4)
  4 centaurs
  A bullfrog (D:5)
  The ghost of equalderp2856 the Scratcher, an amateur FeFi (D:5)
  3 scorpions
  A bullfrog zombie (D:5)
  3 hounds
  3 orc priests
  2 iguanas (D:6)
  5 worker ants
  2 hound skeletons
  A worker ant zombie (D:7)
  8 adders
  A river rat (D:3)
  A shadow imp (D:5)
  2 oozes
  5 worms
  4 dart slugs
  6 leopard geckos
  12 orcs
  2 ball pythons
  5 giant cockroaches
  11 goblins
  12 hobgoblins
  13 jackals
  A quokka (D:3)
  5 bats
  9 frilled lizards
  A jackal zombie (D:5)
  4 kobolds
  A leopard gecko skeleton (D:4)
  A quokka zombie (D:5)
  7 rats
145 creatures vanquished.

Notes
Turn   | Place    | Note
-------+----------+-------------------------------------------
     0 | D:1      | vatarom the Deep Elf Fire Elementalist began the quest for the Orb.
     0 | D:1      | Reached XP level 1. HP: 10/10 MP: 6/6
   100 | D:1      | Reached XP level 2. HP: 13/15 MP: 1/8
   105 | D:1      | Reached skill level 4 in Fire Magic
   569 | D:1      | Learned a level 2 spell: Throw Flame
   795 | D:1      | Reached XP level 3. HP: 19/19 MP: 6/9
  1322 | D:1      | Reached skill level 5 in Fire Magic
  1632 | D:1      | Learned a level 3 spell: Conjure Flame
  1720 | D:2      | Found a snail-covered altar of Cheibriados.
  1754 | D:2      | Found a shattered altar of Ashenzari.
  1844 | D:2      | Reached XP level 4. HP: 15/24 MP: 1/10
  1891 | D:2      | Found Zin's Purification Station.
  1895 | D:2      | Found a glowing silver altar of Zin.
  1945 | D:2      | Learned a level 3 spell: Inner Flame
  1963 | D:2      | Noticed Sigmund
  1978 | D:2      | Killed Sigmund
  1978 | D:2      | Reached skill level 7 in Fire Magic
  1978 | D:2      | Reached XP level 5. HP: 28/28 MP: 2/11
  2167 | D:2      | Found a glowing golden altar of the Shining One.
  2321 | D:2      | Reached XP level 6. HP: 32/32 MP: 10/12
  3324 | D:3      | Found a burning altar of Makhleb.
  3369 | D:3      | Found a sacrificial altar of Ru.
  3816 | D:4      | Learned a level 4 spell: Sticky Flame
  3827 | D:4      | Found an opulent altar of Gozag.
  3865 | D:4      | Noticed Eustachio
  3880 | D:4      | Killed Eustachio
  3880 | D:4      | Reached XP level 7. HP: 36/36 MP: 4/18
  4140 | D:4      | Noticed vatarom's ghost (amateur TeAE)
  4149 | D:4      | Killed vatarom's ghost
  4149 | D:4      | Reached skill level 8 in Fire Magic
  4169 | D:4      | Learned a level 5 spell: Fireball
  4457 | D:4      | Reached skill level 9 in Fire Magic
  4463 | D:4      | Found a basalt altar of Yredelemnul.
  4551 | D:4      | Reached XP level 8. HP: 38/41 MP: 4/19
  4988 | D:4      | Found a faded altar of an unknown god.
  4990 | D:4      | Found a staircase to the Ecumenical Temple.
  5034 | Temple   | Entered the Ecumenical Temple
  5125 | Temple   | Became a worshipper of Vehumet
  5176 | D:5      | Entered Level 5 of the Dungeon
  5218 | D:5      | Noticed equalderp2856's ghost (amateur FeFi)
  5223 | D:5      | Killed equalderp2856's ghost
  5404 | D:5      | Found a hazy altar of Hepliaklqana.
  5457 | D:5      | Gained mutation: You are resistant to hostile enchantments. (MR+) [potion of mutation]
  5457 | D:5      | Gained mutation: You are frail. (-10% HP) [potion of mutation]
  5457 | D:5      | Gained mutation: Your system is resistant to poisons. (rPois) [potion of mutation]
  5469 | D:5      | Gained mutation: You are partially covered in iridescent scales. (AC +2) [potion of mutation]
  5469 | D:5      | Lost mutation: You are frail. (-10% HP) [potion of mutation]
  5834 | D:5      | Reached skill level 10 in Fire Magic
  6663 | D:6      | Reached skill level 5 in Conjurations
  6712 | D:6      | Noticed Menkaure
  6715 | D:6      | Killed Menkaure
  7194 | D:6      | Found a faded altar of an unknown god.
  7194 | D:6      | Found a faded altar of an unknown god.
  7200 | D:6      | Found a sparkling altar of Nemelex Xobeh.
  7202 | D:6      | Found a faded altar of an unknown god.
  7203 | D:6      | Found a faded altar of an unknown god.
  7294 | D:7      | Reached skill level 11 in Fire Magic
  7478 | D:7      | Reached XP level 9. HP: 45/45 MP: 15/20
  7528 | D:7      | Noticed equalderp2856's ghost (novice FeFi)
  7530 | D:7      | Killed equalderp2856's ghost
  7575 | D:7      | Noticed Joseph
  7584 | D:7      | Shot with a sling bullet by Joseph

Skill      XL: |  1  2  3  4  5  6  7  8  9 |
---------------+----------------------------+-----
Fire Magic     | 4 5 7 9 11 | 11.5
Spellcasting   | 6 |  6.0
Conjurations   | 3 5 6 |  6.1
Dodging        | |  2.4
Stealth        | |  2.4

Action                   |  1- 3 |  4- 6 |  7- 9 || total
-------------------------+-------+-------+-------++-------
Melee: Unarmed           |    16 |       |       ||    16
       Dagger            |    11 |    13 |   109 ||   133
 Cast: Flame Tongue      |    74 |   100 |   114 ||   288
       Throw Flame       |     3 |     5 |     2 ||    10
       Conjure Flame     |       |     2 |       ||     2
       Sticky Flame      |       |     1 |     9 ||    10
       Inner Flame       |       |     1 |       ||     1
       Fireball          |       |       |    16 ||    16
  Use: Scroll            |     1 |     7 |     6 ||    14
       Potion            |     1 |     4 |     4 ||     9
 Stab: Sleeping          |       |     1 |       ||     1
  Eat: Chunk             |     2 |     2 |     2 ||     6
       Fruit             |     1 |       |       ||     1
       Bread ration      |       |     1 |     4 ||     5
Armor: Robe              |     9 |     5 |    40 ||    54
Dodge: Dodged            |    40 |    38 |    92 ||   170
